 Dungeon Crawl Stone Soup version 0.31-a0-187-gba352fbbf7 (webtiles) character file.

Game seed: 3574105557043583128

294 qw the Skirmisher (level 6, -1/35 HPs)
             Began as a Deep Elf Hunter on June 22, 2023.
             Slain by a cerulean imp
             ... wielding a +2 spear
             ... summoned by Natasha
              (5 damage)
             ... on level 2 of the Dungeon.
             The game lasted 00:01:00 (1458 turns).

qw the Skirmisher (Deep Elf Hunter)                 Turns: 1458, Time: 00:01:01

Health: -1/35      AC:  6    Str: 10    XL:     6   Next: 11%
Magic:  8/8        EV:  9    Int: 14    God:
Gold:   101        SH:  0    Dex: 18    Spells: 5/5 levels left

rFire   + . .        Y - +0 shortbow
rCold   . . .        (shield currently unavailable)
rNeg    . . .        k - +0 scale mail
rPois   .            (no helmet)
rElec   .            (no cloak)
rCorr   .            (no gloves)
SInv    .            (no boots)
Will    .....        (no amulet)
Stlth   +            i - ring of protection from fire
HPRegen 0.25/turn    (no ring)
MPRegen 0.11/turn

%: no passive effects
@: slowed, very slow
A: no striking features
a: no special abilities


You were on level 2 of the Dungeon.
You visited 1 branch of the dungeon, and saw 3 of its levels.

You collected 101 gold pieces.


   Skills:
 - Level 2.0 Fighting
 - Level 9.4 Ranged Weapons
 + Level 0.0 Armour
 - Level 2.6 Dodging
 - Level 1.2 Stealth


You had 5 spell levels left.
You didn't know any spells.
Your spell library was empty.

Inventory:

Hand Weapons
 Y - a +0 shortbow (weapon)
Armour
 k - a +0 scale mail (worn)
Jewellery
 i - a ring of protection from fire (left hand)
Scrolls
 e - a scroll of enchant armour
Potions
 a - a potion of curing {unknown}
 b - a potion of invisibility {unknown}
 d - a potion of attraction {unknown}
 f - a potion of enlightenment {unknown}
 h - a potion of might {unknown}
 j - a potion of brilliance {unknown}

Dungeon Overview and Level Annotations

Branches:
Dungeon (3/15)

Altars:

Annotations:
D:2 Natasha
D:3 2 runed translucent doors, qw's ghost, amateur GrFi


Message History

Natasha stares at you and mumbles some strange words.
You resist with some effort. The adder barely misses you.
You shoot an arrow. The arrow misses the adder.
Natasha claws you. The adder closely misses you.
Natasha claws you but does no damage.
You shoot an arrow. The arrow hits the adder.
The adder is almost dead.
The adder bites you. x2
You are poisoned.
The adder poisons you! Natasha claws you but does no damage.
You shoot an arrow. The arrow hits the adder!
You kill the adder!
You feel sick.
Natasha stares at you and mumbles some strange words.
You feel yourself slow down.
Your Fighting skill increases to level 2!
You shoot an arrow. The arrow hits Natasha.
Natasha is lightly wounded.
You feel sick. Natasha claws you. Natasha barely misses you.
You shoot an arrow. The arrow closely misses Natasha.
You feel sick. Natasha casts a spell at you. You resist with some effort.
Natasha barely misses you.
You shoot an arrow. The arrow barely misses Natasha.
You feel sick.
You are no longer poisoned.
Natasha mumbles some strange words.
Natasha shimmers violently.
Natasha claws you but does no damage. Natasha claws you.
You shoot an arrow.
The arrow hits Natasha but does no damage.
Natasha is lightly wounded.
Natasha mumbles some strange words.
You shoot an arrow. The arrow hits Natasha.
Natasha is heavily wounded.
Natasha claws you.
Natasha growls.
Natasha claws you.
The cerulean imp hits you from afar with a +2 spear.
You die...

##. ...# #.... #.....
#.# #5..... #. #.##.#
######h......
#.###(##.###....@.......
. ..#......#.######....#
#.#.#.##.#.#.# ..#
#.#.#.##.#.#.# # #...
.......#.#.#.## ####
#.#...........#
.........#.#..###
#.#.#..###.#..... #
#.#..# #.#)..###


You could see Natasha and a cerulean imp (summoned).

Vanquished Creatures
  Sigmund (D:2)
  Jessica (D:2)
  Natasha (twice) (D:2)
  An adder (D:2)
  3 dart slugs
  An orc (D:3)
  4 ball pythons
  A bat (D:2)
  2 endoplasms
  A goblin (D:2)
  3 hobgoblins (D:1)
  5 kobolds
  3 quokkas
  2 frilled lizards (D:1)
  9 rats
39 creatures vanquished.

Notes
Turn   | Place    | Note
-------+----------+-------------------------------------------
     0 | D:1      | qw the Deep Elf Hunter began the quest for the Orb.
     0 | D:1      | Reached XP level 1. HP: 12/12 MP: 3/3
     0 | D:1      | 0 ||| qw: Version: 0.3-a-9-g12657ce
     0 | D:1      | 0 ||| qw: Game counter: 2147
     0 | D:1      | 0 ||| qw: Always use a shield: true
     0 | D:1      | 0 ||| qw: God list: Okawaru
     0 | D:1      | 0 ||| qw: Allow faded altars: false
     0 | D:1      | 0 ||| qw: Do Orc after D:15 true
     0 | D:1      | 0 ||| qw: Do second Lair branch before Depths: true
     0 | D:1      | 0 ||| qw: Lair rune preference: random
     0 | D:1      | 0 ||| qw: Plans: Normal
     0 | D:1      | 0 ||| PLANNING D:1-11
   178 | D:1      | Reached skill level 6 in Ranged Weapons
   178 | D:1      | Reached XP level 2. HP: 16/16 MP: 4/4
   665 | D:1      | 665 ||| READING scroll labelled QUOGOE TUINLIE.
   666 | D:1      | 666 ||| READING scroll labelled FEUSEAGRUO.
   667 | D:1      | 667 ||| READING scroll labelled CUSIONLUCHI.
   668 | D:1      | 668 ||| READING scroll labelled IDDIJE TATHROTZ.
   669 | D:1      | 669 ||| READING scroll labelled LETONNUDDERYPE.
   670 | D:1      | 670 ||| DROPPING scroll of butterflies.
   713 | D:2      | 713 ||| FLEEEEING.
   714 | D:2      | 714 ||| FLEEEEING.
   715 | D:2      | 715 ||| STAIRDANCE
   802 | D:2      | Noticed Natasha
   809 | D:2      | HP: 3/16 [Natasha/magic dart (7)]
   810 | D:2      | Killed Natasha
   811 | D:2      | Reached skill level 7 in Ranged Weapons
   811 | D:2      | Reached XP level 3. HP: 4/20 MP: 5/5
   919 | D:2      | Noticed Jessica
   921 | D:2      | Noticed Sigmund
   928 | D:2      | Killed Jessica
   929 | D:2      | Reached XP level 4. HP: 19/25 MP: 6/6
   929 | D:2      | Killed Sigmund
   930 | D:2      | Reached skill level 9 in Ranged Weapons
   930 | D:2      | Reached XP level 5. HP: 23/29 MP: 7/7
  1040 | D:2      | You fall into a shaft and drop 1 floor!
  1114 | D:3      | Found a runed translucent door.
  1126 | D:3      | Noticed qw's ghost (amateur GrFi)
  1160 | D:3      | Found a runed translucent door.
  1184 | D:3      | 1184 ||| UPGRADING to +0 scale mail.
  1194 | D:3      | 1194 ||| DROPPING +0 leather armour.
  1195 | D:3      | 1195 ||| UPGRADING to ring of protection from fire.
  1196 | D:3      | 1196 ||| READING scroll labelled CAUKANESKU.
  1200 | D:3      | 1200 ||| READING scroll labelled KINIFI FUFAE.
  1201 | D:3      | 1201 ||| Stepping randomly (stuck).
  1202 | D:3      | 1202 ||| Stepping ~*~*~tactically~*~*~ (cloud).
  1277 | D:3      | 1277 ||| Stepping randomly (stuck).
  1278 | D:3      | 1278 ||| Stepping randomly (stuck).
  1279 | D:3      | 1279 ||| Stepping randomly (stuck).
  1280 | D:3      | 1280 ||| Stepping randomly (stuck).
  1281 | D:3      | 1281 ||| Stepping randomly (stuck).
  1282 | D:3      | 1282 ||| Stepping randomly (stuck).
  1283 | D:3      | 1283 ||| Stepping randomly (stuck).
  1284 | D:3      | 1284 ||| Stepping randomly (stuck).
  1285 | D:3      | 1285 ||| Stepping randomly (stuck).
  1286 | D:3      | 1286 ||| Stepping randomly (stuck).
  1287 | D:3      | 1287 ||| Stepping randomly (stuck).
  1288 | D:3      | 1288 ||| Stepping randomly (stuck).
  1289 | D:3      | 1289 ||| Stepping randomly (stuck).
  1290 | D:3      | 1290 ||| Stepping randomly (stuck).
  1291 | D:3      | 1291 ||| Stepping randomly (stuck).
  1292 | D:3      | 1292 ||| Stepping randomly (stuck).
  1293 | D:3      | 1293 ||| Stepping randomly (stuck).
  1294 | D:3      | 1294 ||| Stepping randomly (stuck).
  1295 | D:3      | 1295 ||| Stepping randomly (stuck).
  1296 | D:3      | 1296 ||| Stepping randomly (stuck).
  1297 | D:3      | 1297 ||| Stepping randomly (stuck).
  1298 | D:3      | 1298 ||| Stepping randomly (stuck).
  1299 | D:3      | 1299 ||| Stepping randomly (stuck).
  1300 | D:3      | 1300 ||| Stepping randomly (stuck).
  1301 | D:3      | 1301 ||| Stepping randomly (stuck).
  1302 | D:3      | 1302 ||| Stepping randomly (stuck).
  1303 | D:3      | 1303 ||| Stepping randomly (stuck).
  1304 | D:3      | 1304 ||| Stepping randomly (stuck).
  1305 | D:3      | 1305 ||| Stepping randomly (stuck).
  1306 | D:3      | 1306 ||| Stepping randomly (stuck).
  1307 | D:3      | 1307 ||| Stepping randomly (stuck).
  1308 | D:3      | 1308 ||| Stepping randomly (stuck).
  1309 | D:3      | 1309 ||| Stepping randomly (stuck).
  1310 | D:3      | 1310 ||| Stepping randomly (stuck).
  1311 | D:3      | 1311 ||| Stepping randomly (stuck).
  1312 | D:3      | 1312 ||| Stepping randomly (stuck).
  1313 | D:3      | 1313 ||| Stepping randomly (stuck).
  1314 | D:3      | 1314 ||| Stepping randomly (stuck).
  1315 | D:3      | 1315 ||| Stepping randomly (stuck).
  1316 | D:3      | 1316 ||| Stepping randomly (stuck).
  1317 | D:3      | 1317 ||| Stepping randomly (stuck).
  1318 | D:3      | 1318 ||| Stepping randomly (stuck).
  1319 | D:3      | 1319 ||| Stepping randomly (stuck).
  1320 | D:3      | 1320 ||| Stepping randomly (stuck).
  1321 | D:3      | 1321 ||| Stepping randomly (stuck).
  1322 | D:3      | 1322 ||| Stepping randomly (stuck).
  1323 | D:3      | 1323 ||| Stepping randomly (stuck).
  1324 | D:3      | 1324 ||| Stepping randomly (stuck).
  1325 | D:3      | 1325 ||| Stepping randomly (stuck).
  1326 | D:3      | 1326 ||| Stepping randomly (stuck).
  1328 | D:3      | 1328 ||| Stepping randomly (stuck).
  1329 | D:3      | 1329 ||| Stepping randomly (stuck).
  1330 | D:3      | 1330 ||| Stepping randomly (stuck).
  1331 | D:3      | 1331 ||| Stepping randomly (stuck).
  1332 | D:3      | 1332 ||| Stepping randomly (stuck).
  1333 | D:3      | 1333 ||| Stepping randomly (stuck).
  1334 | D:3      | 1334 ||| Stepping randomly (stuck).
  1335 | D:3      | 1335 ||| Stepping randomly (stuck).
  1336 | D:3      | 1336 ||| Stepping randomly (stuck).
  1337 | D:3      | 1337 ||| Stepping randomly (stuck).
  1338 | D:3      | 1338 ||| Stepping randomly (stuck).
  1339 | D:3      | 1339 ||| Stepping randomly (stuck).
  1340 | D:3      | 1340 ||| Stepping randomly (stuck).
  1341 | D:3      | 1341 ||| Stepping randomly (stuck).
  1342 | D:3      | 1342 ||| Stepping randomly (stuck).
  1343 | D:3      | 1343 ||| Stepping randomly (stuck).
  1344 | D:3      | 1344 ||| Stepping randomly (stuck).
  1345 | D:3      | 1345 ||| Stepping randomly (stuck).
  1346 | D:3      | 1346 ||| Stepping randomly (stuck).
  1347 | D:3      | 1347 ||| Stepping randomly (stuck).
  1348 | D:3      | 1348 ||| Stepping randomly (stuck).
  1349 | D:3      | 1349 ||| Stepping randomly (stuck).
  1350 | D:3      | 1350 ||| Stepping randomly (stuck).
  1351 | D:3      | 1351 ||| Stepping randomly (stuck).
  1352 | D:3      | 1352 ||| Stepping randomly (stuck).
  1353 | D:3      | 1353 ||| Stepping randomly (stuck).
  1354 | D:3      | 1354 ||| Stepping randomly (stuck).
  1355 | D:3      | 1355 ||| Stepping randomly (stuck).
  1356 | D:3      | 1356 ||| Stepping randomly (stuck).
  1357 | D:3      | 1357 ||| Stepping randomly (stuck).
  1358 | D:3      | 1358 ||| Stepping randomly (stuck).
  1359 | D:3      | 1359 ||| Stepping randomly (stuck).
  1360 | D:3      | 1360 ||| Stepping randomly (stuck).
  1361 | D:3      | 1361 ||| Stepping randomly (stuck).
  1377 | D:2      | Noticed Natasha
  1386 | D:2      | Killed Natasha
  1387 | D:2      | Reached XP level 6. HP: 26/35 MP: 8/8
  1444 | D:2      | Noticed Natasha
  1458 | D:2      | HP: 8/35 [Natasha (4)]
  1458 | D:2      | Slain by a cerulean imp

Levels and vault maps discovered:
D:1:      reono_arrival_forest_river, layout_basic, minivault_24,
          minmay_small_reverse_x
D:2:      layout_loops_ring, eino_tiny_chamber, uniq_jessica, uniq_sigmund,
          uniq_natasha
D:3:      layout_basic, ebering_ghost_sewer_f

Skill      XL: |  1  2  3  4  5  6 |
---------------+-------------------+-----
Ranged Weapons | 6 7 9 |  9.4
Fighting       | 2 |  2.0
Dodging        | |  2.6
Stealth        | |  1.2

Action                     |  1- 3 |  4- 6 || total
---------------------------+-------+-------++-------
   Fire: Shortbow          |    74 |    54 ||   128
    Use: Scroll            |     5 |     2 ||     7
 Armour: Leather armour    |     5 |     1 ||     6
         Scale mail        |       |     7 ||     7
  Dodge: Dodged            |     6 |    11 ||    17

Table legend:
 A = Non-vault XP
 B = Vault XP
 C = Vault XP percentage of total XP
 D = Non-vault monster count
 E = Vault monster count
 F = Vault count percentage of total count
                 A         B        C        D         E       F
            +---------+---------+-------+---------+---------+-------
      Total |     104 |     317 |  75.3 |      32 |       7 |  17.9
            +---------+---------+-------+---------+---------+-------
        D:1 |      26 |       6 |  18.8 |      13 |       4 |  23.5
        D:2 |      65 |     311 |  82.7 |      11 |       3 |  21.4
        D:3 |      13 |       0 |   0.0 |       8 |       0 |   0.0
            +---------+---------+-------+---------+---------+-------
